 Dungeon Crawl Stone Soup version 0.29.1-15-g9cfb28693d (webtiles) character file.

Game seed: 2766215891293504869

62 croobank the Caller (level 3, -5/21 (27) HPs)
             Began as a Demigod Summoner on Mar 6, 2023.
             Slain by Terence
             ... wielding a +2 mace of draining
              (8 damage)
             ... on level 2 of the Dungeon.
             The game lasted 00:04:03 (1767 turns).

croobank the Caller (Demigod Summoner)              Turns: 1767, Time: 00:04:03

HP:   -5/21 (27)    AC:  4    Str:  9    XL:     3   Next: 60%
MP:   0/9           EV: 12    Int: 21    God:
Gold: 80            SH:  0    Dex: 14    Spells: 0/6 levels left

rFire   . . .      SeeInvis .   i - +2 dagger (vamp)
rCold   . . .      Faith    .   (no shield)
rNeg    . . .      Spirit   .   c - +2 robe {Will+}
rPois   .          Reflect  .   (no helmet)
rElec   .          Harm     .   (no cloak)
rCorr   .          Rampage  .   (no gloves)
Will    +....                   (no boots)
Stlth   ++........              (no amulet)
HPRegen 0.07/turn               (no ring)
MPRegen 0.11/turn               (no ring)

@: heavily drained
A: high MP 1, forlorn, divine attributes
a: no special abilities


You were on level 2 of the Dungeon.
You visited 1 branch of the dungeon, and saw 2 of its levels.

You collected 80 gold pieces.

Inventory:

Hand Weapons
 i - a +2 vampiric dagger (weapon)
 m - a +0 short sword
Armour
 a - a +0 robe
 c - a +2 robe of willpower (worn)
Scrolls
 j - a scroll of acquirement {unknown}
 k - 2 scrolls of identify {unknown}
 o - a scroll of teleportation {unknown}
 p - a scroll of fear {unknown}
Potions
 b - 2 potions of magic
 d - a potion of degeneration {unknown}
 e - a potion of might {unknown}
 f - a potion of haste {unknown}
 g - a potion of cancellation {unknown}
 h - a potion of resistance {unknown}
 l - a potion of mutation {unknown}
 n - a potion of berserk rage {unknown}


   Skills:
 + Level 0.8 Fighting
 + Level 2.3 Dodging
 + Level 2.4 Stealth
 + Level 2.2 Spellcasting
 + Level 3.9 Summonings


You couldn't memorise any spells.
You knew the following spells:

 Your Spells              Type           Power      Damage    Failure   Level
a - Summon Small Mammal   Summ           76%        N/A       2%          1
b - Call Imp              Summ           19%        N/A       4%          2
c - Call Canine Familiar  Summ           19%        N/A       9%          3

Your spell library contained the following spells:

 Spells                   Type           Power      Damage    Failure   Level
 Summon Guardian Golem    Hex/Summ       10%        N/A       19%         3
 Summon Lightning Spire   Summ/Air       10%        N/A       54%         4


Dungeon Overview and Level Annotations

Branches:
Dungeon (2/15)

Annotations:
D:2 Terence


Innate Abilities, Weirdness & Mutations

You have an increased reservoir of magic. (+10% MP)
You shall have no god before yourself.
Your divine heritage dramatically boosts your attributes as you level up.


Message History

What are your orders? t - Shout!
Orders for allies: a - Attack new target. r - Retreat! s - Stop attacking. g - Guard the area. f - Follow me.
Anything else - Cancel.
Gang up on whom?
Press: ? - help, Dir - move target, f - Terence
Aim: Terence, wielding a +2 mace of draining and wearing a +0 scale mail (moderately wounded, ally target) Attack!
Your hound bites Terence but does no damage.
Your quokka barely misses Terence.
Casting: Summon Small Mammal (safe; 2% risk of failure)
Confirm with . or Enter, or press ? or * to list all spells.
Terence hits your rat with a +2 mace of draining.
Your rat dies!
Your rat's corpse disappears in a puff of smoke!
Your hound barely misses Terence.
Your quokka bites Terence.
Your hound bites Terence but does no damage.
Casting: Summon Small Mammal (safe; 2% risk of failure)
Confirm with . or Enter, or press ? or * to list all spells.
A beastly little devil appears in a puff of frigid air.
You swap places.
Your hound bites Terence but does no damage.
Your white imp closely misses Terence.
Terence looks scornfully at your hound.
Terence hits your hound with a +2 mace of draining!
You hit Terence but do no damage.
Terence is moderately wounded.
Your hound bites Terence but does no damage.
Your white imp hits Terence.
Your white imp freezes Terence.
Your hound closely misses Terence.
Terence hits you with a +2 mace of draining.
* * * LOW HITPOINT WARNING * * *
You feel drained.
* * * LOW HITPOINT WARNING * * *
Terence attacks as you move away!
Terence hits you with a +2 mace of draining!
You die...

.# ###.####
#......# ######
#.#.##.# .....#
#.#.##.# ####.#
#...##.# #.#
#..###@# #.#
#..rh@5#
#.#######.#####
#.........#
#.#########
####.# .....#
######


You could see Terence (ally target), a friendly hound (summoned), a friendly
white imp (summoned) and a friendly quokka (summoned).

Vanquished Creatures
  2 adders (D:2)
  3 endoplasms
  4 hobgoblins
  2 kobolds (D:1)
  2 ball pythons (D:1)
  3 bats
  5 rats
21 creatures vanquished.

Vanquished Creatures (collateral kills)
  A worm (D:2)
  2 endoplasms (D:1)
  2 giant cockroaches
  2 hobgoblins (D:1)
  4 jackals
  3 ball pythons (D:1)
  2 bats (D:1)
  A kobold (D:2)
  2 rats (D:1)
19 creatures vanquished.

Grand Total: 40 creatures vanquished

Notes
Turn   | Place    | Note
-------+----------+-------------------------------------------
     0 | D:1      | croobank the Demigod Summoner began the quest for the Orb.
     0 | D:1      | Reached XP level 1. HP: 14/14 MP: 5/5
   272 | D:1      | Reached XP level 2. HP: 20/20 MP: 4/7
   278 | D:1      | Learned a level 2 spell: Call Imp
  1079 | D:2      | Reached XP level 3. HP: 27/27 MP: 3/8
  1086 | D:2      | Learned a level 3 spell: Call Canine Familiar
  1747 | D:2      | Noticed Terence
  1767 | D:2      | Slain by Terence

Illustrated notes

Levels and vault maps discovered:
D:1:      zelgadis_glass_arrival_small, layout_loops_cross
D:2:      minmay_skewed_foursquare, layout_loops_cross,
          chequers_ecumenical_altar_island, uniq_terence

Skill      XL: |  1 |
---------------+----+-----
Stealth        | 2 |  2.4
Dodging        | 2 |  2.3
Spellcasting   | 2 |  2.2
Fighting       | |  0.8
Summonings     | |  3.9

Action                   || total
-------------------------++-------
Melee: Unarmed           ||     3
       Dagger            ||    87
 Cast: Summon Small Mamm ||    27
       Call Imp          ||     9
       Call Canine Famil ||     3
 Stab: Sleeping          ||     5
Armor: Robe              ||    21
Dodge: Dodged            ||    84
